 Dungeon Crawl Stone Soup version 0.17.0-28-g6e173f8 (webtiles) character file.

61 plasmid the Sneak (level 4, -4/23 HPs)
             Began as a Vine Stalker Assassin on Dec 2, 2015.
             Killed from afar by a white imp (5 damage)
             ... with a puff of frost
             ... summoned by Natasha
             ... on level 2 of the Dungeon.
             The game lasted 00:09:01 (838 turns).

plasmid the Sneak (Vine Stalker Assassin)            Turns: 838, Time: 00:09:02

Health: -4/23      AC:  3    Str: 14    XL:     4   Next: 7%
Magic:  0/5        EV: 11    Int: 11    God:
Gold:   43         SH:  0    Dex: 16    Spells: 0 memorised, 3 levels left

rFire  . . .     SeeInvis .     a - +2 dagger
rCold  . . .     Clarity  .     c - +0 robe
rNeg   . . .     SustAt   .     (no shield)
rPois  .         Gourm    .     (no helmet)
rElec  .         Spirit   +     d - +0 cloak
rCorr  .         Warding  .     (no gloves)
rMut   .         Stasis   .     (no boots)
MR     .....                    (no amulet)
Stlth  ++++......               (no ring)
                                (no ring)

@: not resistant to hostile enchantments, stealthy
A: fangs 2, regeneration 1, magic shield, antimagic bite, no device heal 3, rot
immunity
a: no special abilities


You were on level 2 of the Dungeon.
You were not hungry.

You visited 1 branch of the dungeon, and saw 2 of its levels.

You collected 43 gold pieces.

Inventory:

Hand Weapons
 a - a +2 dagger (weapon)
 b - a +0 blowgun
 j - a +0 club
 k - a +0 hunting sling
 m - a +0 dagger
 u - a +0 short sword
 v - a +0 whip
Missiles
 e - 8 poisoned needles (quivered)
 f - 2 curare-tipped needles
 n - 40 stones
 w - 27 bolts
 x - 13 silver bolts
Armour
 c - a +0 robe (worn)
 d - a +0 cloak (worn)
 l - a +0 plate armour
 r - a +0 leather armour
Jewellery
 i - an uncursed ring of positive energy {unknown}
 q - a cursed amulet of inaccuracy
Scrolls
 o - a scroll of amnesia {unknown}
 p - 2 scrolls of random uselessness {unknown}
 s - 2 scrolls of identify
Comestibles
 g - a bread ration
 h - a meat ration
 t - 6 chunks of flesh


   Skills:
 - Level 1.7 Fighting
 + Level 2.0 Short Blades
 - Level 1.7 Throwing
 - Level 0.7 Dodging
 * Level 6.8 Stealth


You had 3 spell levels left.
You didn't know any spells.

Dungeon Overview and Level Annotations

Branches:
Dungeon (2/15)

Altars:

Annotations:
D:2 Natasha


Innate Abilities, Weirdness & Mutations

You have extremely sharp teeth.
Your natural rate of healing is unusually fast.
When hurt, damage is shared between your health and your magic reserves.
Your bite disrupts and absorbs the magic of your enemies.
Potions and wands cannot restore your health.
You are immune to rotting.


Message History

You bite the white imp, but do no damage.
The white imp is moderately wounded.
The white imp misses you.
Natasha extends her claws.
The white imp gestures at you. The puff of frost hits you!
Natasha wildly gestures.
Natasha shimmers violently.
You see here a club.
The white imp disappears in a puff of smoke!
Natasha stares at you and mumbles some strange words.
The magic dart hits you!
* * * LOW HITPOINT WARNING * * *
As you read the scroll labeled NAREIX QUIBLYF, it crumbles to dust.
It is a scroll of identify.
Identify which item? (\ to view known items) (? for menu, Esc to quit)
q - a cursed amulet of inaccuracy The white imp gestures at you.
The puff of frost hits you!
You die...

#.......#
#.......## #5..#
#.#.# ### #5#...
#.. #.####.. ##..#
#5.## ...
#....#####)h# #.
#......####@##
#....)..##..#
#..##.#.....# ##
#.#####.# #.## ...
#..## .##.##
##..###.. ...
##...###.#### ###
##########.........
........


You could see Natasha, a crimson imp and a white imp.

Vanquished Creatures
  Natasha (D:2)
  An adder (D:2)
  2 giant geckos (D:1)
  3 bats
  7 goblins
  5 hobgoblins
  2 kobolds (D:2)
  A giant cockroach (D:2)
  2 giant newts (D:2)
  2 rats (D:2)
26 creatures vanquished.

Notes
Turn   | Place    | Note
--------------------------------------------------------------
     0 | D:1      | plasmid the Vine Stalker Assassin began the quest for the Orb.
     0 | D:1      | Reached XP level 1. HP: 11/11 MP: 2/2
    29 | D:1      | Reached skill level 5 in Stealth
    81 | D:1      | Reached XP level 2. HP: 15/15 MP: 3/3
   628 | D:2      | Noticed Natasha
   636 | D:2      | Killed Natasha
   636 | D:2      | Reached skill level 6 in Stealth
   636 | D:2      | Reached XP level 3. HP: 18/18 MP: 4/4
   780 | D:2      | Reached XP level 4. HP: 23/23 MP: 5/5
   799 | D:2      | Noticed Natasha
   837 | D:2      | HP: 1/23 [Natasha/magic dart (8)]
   838 | D:2      | Killed from afar by a white imp

Action                   |  1- 3 |  4- 6 || total
-------------------------+-------+-------++-------
Melee: Dagger            |    70 |    11 ||    81
  Use: Scroll            |       |     1 ||     1
 Stab: Sleeping          |     6 |     1 ||     7
